 Dungeon Crawl Stone Soup version 0.19.0-19-g8c6edcc (webtiles) character file.

3247 Haldmier the Slasher (level 9, -5/51 HPs)
             Began as a High Elf Ice Elementalist on Nov 13, 2016.
             Was a Follower of Ashenzari.
             Slain by a komodo dragon (19 damage)
             ... on level 1 of the Lair of Beasts on Nov 14, 2016.
             The game lasted 00:36:28 (9356 turns).

Haldmier the Slasher (High Elf Ice Elementalist)    Turns: 9356, Time: 00:36:29

Health: -5/51      AC:  6    Str: 13    XL:     9   Next: 67%
Magic:  17/17      EV: 12    Int: 18    God:    Ashenzari [*.....]
Gold:   296        SH:  7    Dex: 16    Spells: 5 memorised, 4 levels left

rFire  . . .     SeeInvis .     r - +0 scimitar (curse)
rCold  . . .     Gourm    .     d - +0 leather armour "Cuadung" {rElec rN+ Str+3 Int-2} (curse)
rNeg   + + .     Faith    .     E - +2 buckler (curse)
rPois  .         Spirit   .     (no helmet)
rElec  +         Reflect  .     a - +0 cloak
rCorr  .         Harm     .     l - +0 pair of gloves
MR     .....                    k - +0 pair of boots
Stlth  ++........               (no amulet)
                                (no ring)
                                G - ring of positive energy

@: no status effects
A: no striking features
a: Curse Item, Scrying, Renounce Religion


You were on level 1 of the Lair of Beasts.
You worshipped Ashenzari.
Ashenzari was aware of your devotion.
You were hungry.

You visited 3 branches of the dungeon, and saw 10 of its levels.
You also visited: Sewer.

You collected 296 gold pieces.

Inventory:

Hand Weapons
 r - a cursed +0 scimitar (weapon)
Armour
 a - a +0 cloak (worn)
 d - the cursed +0 leather armour "Cuadung" (worn) {rElec rN+ Str+3 Int-2}
   (You found it on level 4 of the Dungeon)

   It affects your strength (+3).
   It affects your intelligence (-2).
   It insulates you from electricity.
   It protects you from negative energy.
   It has a curse placed upon it.
 k - a +0 pair of boots (worn)
 l - a +0 pair of gloves (worn)
 E - a cursed +2 buckler (worn)
Jewellery
 i - an uncursed amulet of faith
 G - a ring of positive energy (left hand)
 J - a +4 ring of dexterity
Wands
 v - a wand of enslavement (6/24)
Scrolls
 f - a scroll of enchant weapon {unknown}
 h - a scroll of remove curse
 n - 5 scrolls of random uselessness {unknown}
 s - 4 scrolls of amnesia {unknown}
 u - a scroll of noise {unknown}
 w - 2 scrolls of identify
 y - a scroll of enchant armour {unknown}
 B - a scroll of recharging {unknown}
 C - a scroll of brand weapon {unknown}
 D - a scroll of fog {unknown}
Potions
 e - 5 potions of haste
 j - 3 potions of curing
 o - 6 potions of might {unknown}
 p - a potion of cure mutation {unknown}
 q - 2 potions of ambrosia
 t - 2 potions of cancellation
 x - a potion of brilliance {unknown}
 z - 2 potions of heal wounds {unknown}
 A - a potion of berserk rage {unknown}
 I - a potion of agility {unknown}
Books
 b - a book of Frost

   Spells                             Type                      Level
   a - Freeze                         Ice                          1
   b - Throw Frost                    Conjuration/Ice              2
   c - Ozocubu's Armour               Charms/Ice                   3
   d - Throw Icicle                   Conjuration/Ice              4
   e - Summon Ice Beast               Ice/Summoning                4
Comestibles
 c - 11 bread rations
 g - 3 meat rations
 m - 10 beef jerkies
 F - a chunk of flesh
 H - 2 slices of pizza


   Skills:
 + Level 7.9 Long Blades
 - Level 2.1 Dodging
 + Level 2.1 Stealth
 - Level 4.0 Shields
 - Level 5.0 Spellcasting
 + Level 6.2 Conjurations
 - Level 4.0 Charms
 + Level 2.4 Summonings
 + Level 7.7 Ice Magic


You had 4 spell levels left.
You knew the following spells:

 Your Spells              Type           Power        Failure   Level  Hunger
a - Freeze                Ice            ####         1%          1    None
b - Throw Frost           Conj/Ice       ####..       1%          2    #......
c - Ozocubu's Armour      Chrm/Ice       ####....     6%          3    ##.....
d - Throw Icicle          Conj/Ice       ####....     12%         4    ####...
e - Summon Ice Beast      Ice/Summ       ###.....     24%         4    ####...


Dungeon Overview and Level Annotations

Branches:
Dungeon (8/15)             Temple (1/1) D:4            Lair (1/6) D:8

Altars:
Ashenzari
Cheibriados
Dithmenos
Elyvilon
Fedhas
Gozag
Hepliaklqana
Kikubaaqudgha
Makhleb
Nemelex Xobeh
Okawaru
Qazlal
Ru
Sif Muna
Trog
Uskayaw
Vehumet
Xom
Yredelemnul
Zin
The Shining One

Shops:
D:4 !


Message History

The komodo dragon bites you!! The basilisk gazes at you.
You resist with some effort. The komodo dragon bites you!!
The komodo dragon bites you! The komodo dragon bites you!!
* * * LOW HITPOINT WARNING * * *
The basilisk gazes at you. The komodo dragon bites you!
* * * LOW HITPOINT WARNING * * *
The basilisk bites you.
You turn to flesh and can move again.
The basilisk gazes at you.
You are slowing down.
You feel better.
The komodo dragon bites you but does no damage.
Your limbs are stiffening.
You feel limber!
You feel magically purged. The komodo dragon bites you!!
You die...

#.....#.#......
###..........#
#.P.......P..#
#......#..##...
##........<# .
####.....##...#..
..#........##.....#
...............#.##
.....#.@l........#
.......Pl........#
...........(....##
.....##......####
...## #.........#
## #รท#####..##
#..#.#...P#
..##......#
..##....l..#


You could see a komodo dragon and a basilisk.

Vanquished Creatures
  The ghost of nikopol the Skirmisher, an amateur GrBe of Trog (D:4)
  2 black bears (D:8)
  3 ice beasts
  2 sky beasts
  3 phantoms
  A centaur (D:8)
  2 ogres
  2 crocodiles
  Blork the orc (D:6)
  4 bullfrogs
  A scorpion (D:8)
  5 killer bees (D:8)
  3 wights (D:7)
  3 howler monkeys
  2 crimson imps (D:6)
  A centaur zombie (D:6)
  3 hounds
  8 orc wizards
  A quasit (D:8)
  Crazy Yiuf (D:4)
  An orc priest (D:5)
  4 iguanas
  5 worker ants
  A hound zombie (D:7)
  A hound skeleton (D:4)
  8 adders
  A river rat (D:3)
  A shadow imp (D:4)
  An ooze (D:2)
  4 worms
  2 dart slugs
  4 leopard geckos
  21 orcs
  4 giant cockroaches
  8 goblins
  3 hobgoblins (D:1)
  9 jackals
  4 quokkas
  A ball python (D:2)
  8 bats
  2 frilled lizards
  A jackal zombie (D:5)
  4 kobolds
  A quokka skeleton (D:4)
  A quokka zombie (D:6)
  12 rats
  4 fungi (D:8)
165 creatures vanquished.

Notes
Turn   | Place    | Note
-------+----------+-------------------------------------------
     0 | D:1      | Haldmier the High Elf Ice Elementalist began the quest for the Orb.
     0 | D:1      | Reached XP level 1. HP: 11/11 MP: 4/4
   331 | D:1      | Reached XP level 2. HP: 17/17 MP: 4/6
   431 | D:1      | Learned a level 2 spell: Throw Frost
  1150 | D:1      | Reached XP level 3. HP: 21/21 MP: 5/7
  1695 | D:2      | Learned a level 3 spell: Ozocubu's Armour
  1748 | D:3      | Reached skill level 5 in Ice Magic
  1748 | D:3      | Reached XP level 4. HP: 27/27 MP: 2/8
  1864 | D:3      | Reached skill level 1 in Charms
  1926 | D:3      | Found a glowing drain.
  1930 | Sewer    | Entered a sewer
  2075 | Sewer    | Noticed a crocodile
  2083 | Sewer    | Killed a crocodile
  2083 | Sewer    | Reached XP level 5. HP: 12/31 MP: 3/9
  2483 | D:3      | Found a stormy altar of Qazlal.
  2486 | D:3      | Noticed an air elemental
  2486 | D:3      | Noticed a water elemental
  2486 | D:3      | Noticed a fire elemental
  2754 | D:4      | Noticed a phantom
  2794 | D:4      | Found a staircase to the Ecumenical Temple.
  2803 | Temple   | Entered the Ecumenical Temple
  2858 | Temple   | Became a worshipper of Ashenzari the Shackled
  2943 | D:4      | Noticed nikopol's ghost (amateur GrBe)
  2978 | D:4      | Killed nikopol's ghost
  2978 | D:4      | Reached XP level 6. HP: 23/36 MP: 0/10
  3077 | D:4      | Got the cursed leather armour "Cuadung" {rElec rN+ Str+3 Int-2}
  3088 | D:4      | Identified the cursed +0 leather armour "Cuadung" {rElec rN+ Str+3 Int-2} (You found it on level 4 of the Dungeon)
  3122 | D:4      | Found a hazy altar of Hepliaklqana.
  3122 | D:4      | Found a sacrificial altar of Ru.
  3127 | D:4      | Found a faded altar of an unknown god.
  3129 | D:4      | Found a faded altar of an unknown god.
  3131 | D:4      | Found a deep blue altar of Sif Muna.
  3262 | D:4      | Reached skill level 5 in Long Blades
  3453 | D:4      | Found a sacrificial altar of Ru.
  3497 | D:4      | Reached XP level 7. HP: 36/41 MP: 6/11
  3519 | D:4      | Found a runed door.
  3597 | D:4      | Found Orcham's Distillery.
  4014 | D:4      | Noticed Crazy Yiuf
  4019 | D:4      | Killed Crazy Yiuf
  4064 | D:4      | Learned a level 4 spell: Throw Icicle
  4065 | D:5      | Entered Level 5 of the Dungeon
  4312 | D:5      | HP: 1/41 [orc priest/divine providence (13)]
  4322 | D:5      | HP: 1/41 [shadow imp/nerve-wracking pain (2)]
  4725 | D:5      | Reached * piety under Ashenzari
  5331 | D:5      | Reached XP level 8. HP: 16/46 MP: 2/14
  5898 | D:6      | Noticed Blork the orc
  5903 | D:6      | Killed Blork the orc
  6445 | D:6      | Found a snail-covered altar of Cheibriados.
  6506 | D:6      | Reached skill level 1 in Shields
  7261 | D:6      | Reached skill level 5 in Conjurations
  7546 | D:7      | Learned a level 4 spell: Summon Ice Beast
  7573 | D:7      | Reached XP level 9. HP: 48/51 MP: 17/17
  7990 | D:7      | Found a hide-covered altar of Uskayaw.
  8125 | D:7      | Reached skill level 1 in Summonings
  8308 | D:8      | Found an iron altar of Okawaru.
  8447 | D:8      | Reached skill level 5 in Spellcasting
  8984 | D:8      | Found a staircase to the Lair.
  9302 | Lair:1   | Entered Level 1 of the Lair of Beasts
  9334 | Lair:1   | Noticed a komodo dragon
  9356 | Lair:1   | Slain by a komodo dragon

Skill      XL: |  1  2  3  4  5  6  7  8  9 |
---------------+----------------------------+-----
Ice Magic      | 4 5 6 7 |  7.7
Charms         | 2 3 4 |  4.0
Long Blades    | 4 5 6 7 |  7.9
Conjurations   | 3 5 6 |  6.2
Spellcasting   | 3 4 5 |  5.0
Shields        | 2 4 |  4.0
Summonings     | 2 |  2.4
Dodging        | |  2.1
Stealth        | |  2.1

Action                   |  1- 3 |  4- 6 |  7- 9 || total
-------------------------+-------+-------+-------++-------
Melee: Unarmed           |     1 |       |       ||     1
       Scimitar          |       |    40 |   314 ||   354
 Cast: Freeze            |    67 |    52 |   137 ||   256
       Ozocubu's Armour  |       |     3 |    19 ||    22
       Throw Frost       |       |       |     6 ||     6
Invok: Curse Item        |       |     1 |     1 ||     2
  Use: Scroll            |       |       |     5 ||     5
       Potion            |       |       |     2 ||     2
 Stab: Sleeping          |       |     1 |     5 ||     6
  Eat: Chunk             |     3 |     3 |    22 ||    28
       Pizza             |       |     1 |       ||     1
Armor: Robe              |    15 |     4 |       ||    19
       Leather armour    |       |    12 |   111 ||   123
Dodge: Dodged            |    42 |    41 |   191 ||   274
Block: Buckler           |       |       |    73 ||    73
       Rpst.: Scimitar   |       |     8 |    62 ||    70
